MID
BOWLING GREEN HOT RODS @ BELOIT SNAPPERS
08/09/2049
 
TOP OF THE 1ST
Bowling Green Hot Rods batting - Pitching for Beloit Snappers : LHP Kevin Barteaux
Pitching: LHP Kevin Barteaux
Batting: LHB Sean Banks 0-0: Called Strike
0-1: Foul Ball, location: 2F
0-2: Ball
1-2: Foul Ball, location: 2F
1-2: Ball
2-2: SOLO HOME RUN (Flyball, 8LXD, EV 103.8 MPH), Distance : 411 ft
Batting: RHB Tim Dower 0-0: Fly out, F7 (Flyball, 7D, EV 93.1 MPH)
Batting: SHB Luis Verduzco 0-0: Foul Ball, location: 2F
0-1: Ball
1-1: Ground out 6-3 (Groundball, 6, EV 83.8 MPH)
Batting: RHB Dermott Kennelly 0-0: Foul Ball, location: 2F
0-1: Ball
1-1: Fly out, F8 (Flyball, 8LXD, EV 98.1 MPH)
Top of the 1st over - 1 run, 1 hit, 0 errors, 0 left on base; Bowling Green 1 - Beloit 0
BOTTOM OF THE 1ST
Beloit Snappers batting - Pitching for Bowling Green Hot Rods : LHP Eduardo Lopez
Pitching: LHP Eduardo Lopez
Batting: RHB Moses Brokken 0-0: Ball
1-0: Ball
2-0: Ball
3-0: Called Strike
3-1: Base on Balls
Batting: RHB Tim Anderson 0-0: Called Strike
Moses Brokken is caught stealing 2nd base 2-4
0-1: Foul Ball, location: 2F
0-2: Ball
1-2: Reached on error, E4 (Line Drive, 4, EV 66.9 MPH)
Batting: RHB Walt Alaniz 0-0: Ball
1-0: Ball
2-0: Called Strike
2-1: Fielders Choice at 2nd, 1-6 (Groundball, 34S, EV 65.0 MPH)
Batting: RHB Manny Moron 0-0: Ball
1-0: Foul Ball, location: 2F
1-1: Fielders Choice at 2nd, 6-4 (Groundball, 6, EV 93.8 MPH)
Bottom of the 1st over - 0 runs, 0 hits, 1 error, 1 left on base; Bowling Green 1 - Beloit 0
TOP OF THE 2ND
Bowling Green Hot Rods batting - Pitching for Beloit Snappers : LHP Kevin Barteaux
Batting: LHB Angel Ruvalcaba 0-0: Called Strike
0-1: Called Strike
0-2: DOUBLE (Flyball, 78D, EV 103.1 MPH)
Batting: RHB Mark Richert 0-0: Called Strike
0-1: Called Strike
Angel Ruvalcaba steals 3rd base (no throw)
0-2: Strikes out swinging
Batting: RHB Bogumil Filipowski 0-0: Ball
1-0: Ball
2-0: Ball
3-0: Base on Balls
Batting: RHB Jesus Carrillo 0-0: Ball
Wild Pitch!
Angel Ruvalcaba scores
Bogumil Filipowski to second
1-0: Ball
2-0: Swinging Strike
2-1: Foul Ball, location: 2F
2-2: Foul Ball, location: 2F
2-2: Ball
3-2: Base on Balls
Batting: LHB Eduardo Lopez 0-0: Foul Ball, location: 2F
0-1: Ball
1-1: Grounds into double play, 6-4-3 (Groundball, 56D, EV 80.6 MPH)
Top of the 2nd over - 1 run, 1 hit, 0 errors, 1 left on base; Bowling Green 2 - Beloit 0
BOTTOM OF THE 2ND
Beloit Snappers batting - Pitching for Bowling Green Hot Rods : LHP Eduardo Lopez
Batting: RHB Rafael Alarcon 0-0: Ball
1-0: Ball
2-0: Ball
3-0: Base on Balls
Batting: LHB Ed Talamantes 0-0: Foul Ball, location: 2F
0-1: Ball
1-1: Foul Ball, location: 2F
1-2: Foul Ball, location: 2F
1-2: Ball
2-2: Ball
3-2: Foul Ball, location: 2F
3-2: Grounds into double play, 5-4-3 (Groundball, 56, EV 110.0 MPH)
Batting: RHB Shannon Beck 0-0: Swinging Strike
0-1: Ball
1-1: Foul Ball, location: 2F
1-2: Strikes out swinging
Bottom of the 2nd over - 0 runs, 0 hits, 0 errors, 0 left on base; Bowling Green 2 - Beloit 0
TOP OF THE 3RD
Bowling Green Hot Rods batting - Pitching for Beloit Snappers : LHP Kevin Barteaux
Batting: LHB Sean Banks 0-0: Ground out 4-3 (Groundball, 34, EV 102.5 MPH)
Batting: RHB Tim Dower 0-0: Called Strike
0-1: Ball
1-1: Called Strike
1-2: Ball
2-2: Ball
3-2: Strikes out swinging
Batting: SHB Luis Verduzco 0-0: Called Strike
0-1: Ball
1-1: Ground out 5-3 (Groundball, 56, EV 90.0 MPH)
Top of the 3rd over - 0 runs, 0 hits, 0 errors, 0 left on base; Bowling Green 2 - Beloit 0
BOTTOM OF THE 3RD
Beloit Snappers batting - Pitching for Bowling Green Hot Rods : LHP Eduardo Lopez
Batting: RHB Jason Dove 0-0: Called Strike
0-1: Called Strike
0-2: Ball
1-2: Foul Ball, location: 2F
1-2: Ground out 6-3 (Groundball, 6, EV 97.5 MPH)
Batting: LHB Marcus Pollard 0-0: Ball
1-0: Foul Ball, location: 2F
1-1: Ball
2-1: Called Strike
2-2: Foul Ball, location: 2F
2-2: Ball
3-2: Foul Ball, location: 2F
3-2: Strikes out swinging
Batting: RHB Moses Brokken 0-0: Swinging Strike
0-1: Swinging Strike
0-2: Ball
1-2: Strikes out swinging
Bottom of the 3rd over - 0 runs, 0 hits, 0 errors, 0 left on base; Bowling Green 2 - Beloit 0
TOP OF THE 4TH
Bowling Green Hot Rods batting - Pitching for Beloit Snappers : LHP Kevin Barteaux
Batting: RHB Dermott Kennelly 0-0: Swinging Strike
0-1: Ball
1-1: SOLO HOME RUN (Flyball, 7LD, EV 96.2 MPH), Distance : 353 ft
Batting: LHB Angel Ruvalcaba 0-0: Ground out 6-3 (Groundball, 6, EV 86.2 MPH)
Batting: RHB Mark Richert 0-0: SINGLE (Groundball, 4MD, EV 99.4 MPH)
Batting: RHB Bogumil Filipowski 0-0: Ball
1-0: Swinging Strike
1-1: Ball
2-1: Swinging Strike
2-2: Foul Ball, location: 2F
2-2: Strikes out swinging
Batting: RHB Jesus Carrillo 0-0: Ball
1-0: Foul Ball, location: 2F
1-1: Fielders Choice at 2nd, 5-4 (Groundball, 56, EV 107.5 MPH)
Top of the 4th over - 1 run, 2 hits, 0 errors, 1 left on base; Bowling Green 3 - Beloit 0
BOTTOM OF THE 4TH
Beloit Snappers batting - Pitching for Bowling Green Hot Rods : LHP Eduardo Lopez
Batting: RHB Tim Anderson 0-0: Called Strike
0-1: Foul Ball, location: 2F
0-2: Strikes out swinging
Batting: RHB Walt Alaniz 0-0: Foul Ball, location: 2F
0-1: Ball
1-1: Ground out 6-3 (Groundball, 6D, EV 81.2 MPH)
Batting: RHB Manny Moron 0-0: SINGLE (Groundball, 6D, EV 95.6 MPH)
Batting: RHB Rafael Alarcon 0-0: Ball
Manny Moron steals 2nd base
1-0: Ball
2-0: Called Strike
Balk!
Manny Moron to third
2-1: SINGLE (Groundball, 6M, EV 96.2 MPH)
Manny Moron scores
Batting: LHB Ed Talamantes 0-0: Foul Ball, location: 2F
0-1: DOUBLE (Line Drive, 7LD, EV 103.8 MPH)
Rafael Alarcon to third
Runner from 3rd tries for Home, SAFE, no throw by LF
Batting: RHB Shannon Beck 0-0: Ball
1-0: Called Strike
1-1: Ball
2-1: Foul Ball, location: 2F
2-2: Foul Ball, location: 2F
2-2: Foul Ball, location: 2F
2-2: Ground out 6-3 (Groundball, 6S, EV 88.1 MPH)
Bottom of the 4th over - 2 runs, 3 hits, 0 errors, 1 left on base; Bowling Green 3 - Beloit 2
TOP OF THE 5TH
Bowling Green Hot Rods batting - Pitching for Beloit Snappers : LHP Kevin Barteaux
Batting: LHB Eduardo Lopez 0-0: Called Strike
0-1: Ball
1-1: Ball
2-1: Ball
3-1: Base on Balls
Batting: LHB Sean Banks 0-0: Ball
1-0: Foul Ball, location: 2F
1-1: Swinging Strike
1-2: Fielders Choice at 2nd, 4-6 (Groundball, 34, EV 81.9 MPH)
Batting: RHB Tim Dower 0-0: Ball
1-0: Ball
Sean Banks steals 2nd, throwing error, E2
Sean Banks to third
2-0: Fly out, F9 (Flyball, 9D, EV 86.2 MPH)
Runner from 3rd tags up, SCORES, no throw by RF
Batting: SHB Luis Verduzco 0-0: Ball
1-0: Ball
2-0: Foul Ball, location: 2F
2-1: Called Strike
2-2: Foul Ball, location: 2F
2-2: Foul Ball, location: 2F
2-2: Fly out, F9 (Line Drive, 9LM, EV 107.5 MPH)
Top of the 5th over - 1 run, 0 hits, 1 error, 0 left on base; Bowling Green 4 - Beloit 2
BOTTOM OF THE 5TH
Beloit Snappers batting - Pitching for Bowling Green Hot Rods : LHP Eduardo Lopez
Batting: RHB Jason Dove 0-0: Called Strike
0-1: Fly out, F8 (Flyball, 89D, EV 100.0 MPH)
Batting: LHB Marcus Pollard 0-0: Ball
1-0: Called Strike
1-1: Ball
2-1: Ground out 6-3 (Groundball, 6S, EV 84.4 MPH)
Batting: RHB Moses Brokken 0-0: Ball
1-0: Ball
2-0: Foul Ball, location: 2F
2-1: Called Strike
2-2: Strikes out swinging
Bottom of the 5th over - 0 runs, 0 hits, 0 errors, 0 left on base; Bowling Green 4 - Beloit 2
TOP OF THE 6TH
Bowling Green Hot Rods batting - Pitching for Beloit Snappers : LHP Kevin Barteaux
Batting: RHB Dermott Kennelly 0-0: Ball
1-0: Ball
2-0: Ball
3-0: Base on Balls
Batting: LHB Angel Ruvalcaba 0-0: Called Strike
0-1: Foul Ball, location: 2F
0-2: Strikes out looking
Batting: RHB Mark Richert 0-0: Ball
1-0: Fly out, F8 (Line Drive, 8RD, EV 96.2 MPH)
Batting: RHB Bogumil Filipowski 0-0: Ball
1-0: Called Strike
1-1: Foul Ball, location: 2F
1-2: Strikes out swinging
Top of the 6th over - 0 runs, 0 hits, 0 errors, 1 left on base; Bowling Green 4 - Beloit 2
BOTTOM OF THE 6TH
Beloit Snappers batting - Pitching for Bowling Green Hot Rods : LHP Eduardo Lopez
Batting: RHB Tim Anderson 0-0: Ball
1-0: Foul Ball, location: 2F
1-1: Swinging Strike
1-2: Foul Ball, location: 2F
1-2: Ball
2-2: Strikes out looking
Batting: RHB Walt Alaniz 0-0: Ball
1-0: Swinging Strike
1-1: Fly out, F6 (Popup, 6MD, EV 62.5 MPH)
Batting: RHB Manny Moron 0-0: Called Strike
0-1: Ball
1-1: Ball
2-1: Ball
3-1: Called Strike
3-2: Base on Balls
Batting: RHB Rafael Alarcon 0-0: Ball
1-0: Called Strike
1-1: Ball
2-1: SINGLE (Line Drive, 4MD, EV 104.4 MPH)
Manny Moron to second
Pitching: RHP Mike Oliver
Batting: LHB Ed Talamantes 0-0: Ball
1-0: Called Strike
1-1: Ball
2-1: Ball
3-1: Base on Balls
Manny Moron to third
Rafael Alarcon to second
Batting: RHB Shannon Beck 0-0: Swinging Strike
0-1: Hit by Pitch
Manny Moron scores
Rafael Alarcon to third
Ed Talamantes to second
Pinch Hitting: LHB Roscoe Romaine 0-0: Swinging Strike
0-1: Foul Ball, location: 2F
0-2: Foul Ball, location: 2F
0-2: Strikes out swinging
Bottom of the 6th over - 1 run, 1 hit, 0 errors, 3 left on base; Bowling Green 4 - Beloit 3
TOP OF THE 7TH
Bowling Green Hot Rods batting - Pitching for Beloit Snappers : LHP Kevin Barteaux
Now at 1B: Roscoe Romaine
Batting: RHB Jesus Carrillo 0-0: Foul Ball, location: 2F
0-1: Foul Ball, location: 2F
0-2: Ball
1-2: Foul Ball, location: 2F
1-2: Foul Ball, location: 2F
1-2: Fly out, F9 (Line Drive, 9S, EV 100.0 MPH)
Batting: LHB Eduardo Lopez 0-0: Ball
1-0: Called Strike
1-1: Swinging Strike
1-2: Ball
2-2: Strikes out swinging
Batting: LHB Sean Banks 0-0: Ball
1-0: Called Strike
1-1: Ball
2-1: Called Strike
2-2: Ball
3-2: Strikes out looking
Top of the 7th over - 0 runs, 0 hits, 0 errors, 0 left on base; Bowling Green 4 - Beloit 3
BOTTOM OF THE 7TH
Beloit Snappers batting - Pitching for Bowling Green Hot Rods : RHP Mike Oliver
Batting: LHB Marcus Pollard 0-0: Ground out 6-3 (Groundball, 6S, EV 65.6 MPH)
Batting: RHB Moses Brokken 0-0: Ball
1-0: Called Strike
1-1: Ball
2-1: Swinging Strike
2-2: Ball
3-2: Foul Ball, location: 2F
3-2: Strikes out swinging
Pinch Hitting: LHB Alejandro Muniz 0-0: Ball
1-0: Foul Ball, location: 2F
1-1: Foul Ball, location: 2F
1-2: Ground out U3 (Groundball, 34, EV 80.6 MPH)
Bottom of the 7th over - 0 runs, 0 hits, 0 errors, 0 left on base; Bowling Green 4 - Beloit 3
TOP OF THE 8TH
Bowling Green Hot Rods batting - Pitching for Beloit Snappers : LHP Kevin Barteaux
Pitching: RHP Tony Contreras
Now at SS: Emiel Schlepers
Batting: RHB Tim Dower 0-0: Ball
1-0: SINGLE (Groundball, 6MD, EV 110.0 MPH)
Batting: SHB Luis Verduzco 0-0: Ball
1-0: Fly out, F7 (Flyball, 78M, EV 88.8 MPH)
Batting: RHB Dermott Kennelly 0-0: Swinging Strike
0-1: Fielders Choice at 2nd, 5-4 (Groundball, 56, EV 106.9 MPH)
Batting: LHB Angel Ruvalcaba 0-0: Called Strike
0-1: Fly out, F8 (Flyball, 8RD, EV 91.2 MPH)
Top of the 8th over - 0 runs, 1 hit, 0 errors, 1 left on base; Bowling Green 4 - Beloit 3
BOTTOM OF THE 8TH
Beloit Snappers batting - Pitching for Bowling Green Hot Rods : RHP Mike Oliver
Pitching: LHP Tim Pulliam
Now at 2B: Dave Valdez
Now at SS: Jesus Carrillo
Batting: RHB Walt Alaniz 0-0: Ball
1-0: SINGLE (Line Drive, 7LM, EV 103.1 MPH)
Batting: RHB Manny Moron 0-0: Called Strike
0-1: Grounds into double play, 6-4-3 (Groundball, 6, EV 83.8 MPH)
Batting: RHB Rafael Alarcon 0-0: Foul Ball, location: 2F
0-1: Called Strike
0-2: Ball
1-2: Strikes out swinging
Bottom of the 8th over - 0 runs, 1 hit, 0 errors, 0 left on base; Bowling Green 4 - Beloit 3
TOP OF THE 9TH
Bowling Green Hot Rods batting - Pitching for Beloit Snappers : RHP Tony Contreras
Batting: RHB Dave Valdez 0-0: SINGLE (Flyball, 78S, EV 98.8 MPH)
Batting: RHB Bogumil Filipowski 0-0: Sac Bunt to 15 - play at first, batter OUT! 1-3
Dave Valdez to second
Batting: RHB Jesus Carrillo 0-0: Called Strike
0-1: SINGLE (Line Drive, 56D, EV 95.0 MPH)
Dave Valdez to third
Runner from 3rd tries for Home, throw by LF and OUT! 7-2
Batting: LHB Eduardo Lopez 0-0: Called Strike
0-1: Ball
1-1: DOUBLE (Line Drive, 78D, EV 110.0 MPH)
Jesus Carrillo to third
Runner from 3rd tries for Home, SAFE, throw by CF to home
Batting: LHB Sean Banks 0-0: Called Strike
0-1: Ball
1-1: Foul Ball, location: 2F
1-2: Ball
2-2: Foul Ball, location: 2F
2-2: Strikes out swinging
Top of the 9th over - 1 run, 3 hits, 0 errors, 1 left on base; Bowling Green 5 - Beloit 3
BOTTOM OF THE 9TH
Beloit Snappers batting - Pitching for Bowling Green Hot Rods : LHP Tim Pulliam
Pitching: RHP J.P. Tesauro
Batting: LHB Ed Talamantes 0-0: Swinging Strike
0-1: Foul Ball, location: 2F
0-2: Ball
1-2: Foul Ball, location: 2F
1-2: Ball
2-2: Ball
3-2: Foul Ball, location: 2F
3-2: Ground out 4-3 (Groundball, 34D, EV 101.9 MPH)
Batting: RHB Shannon Beck 0-0: Called Strike
0-1: Ball
1-1: Ball
2-1: Ball
3-1: Swinging Strike
3-2: Strikes out swinging, 2-3 out at first.
Batting: LHB Roscoe Romaine 0-0: Ball
1-0: Called Strike
1-1: Foul Ball, location: 2F
1-2: Ball
2-2: Ball
3-2: Strikes out swinging
Bottom of the 9th over - 0 runs, 0 hits, 0 errors, 0 left on base; Bowling Green 5 - Beloit 3
Sunday, July 16th , 2023 - OOTP Baseball 24.6 Build 69